 Dungeon Crawl Stone Soup version 0.24-a0-539-g6aae15eeb0 (webtiles) character file.

Game seed: 16054145405510284516

12436 MordorOrchid the Thaumaturge (level 11, -3/77 HPs)
             Began as a Mummy Fire Elementalist on Aug 17, 2019.
             Was an Initiate of Gozag.
             Slain by an orc knight
             ... wielding a +4 war axe
              (14 damage)
             ... in a bailey.
             The game lasted 01:09:04 (14319 turns).

MordorOrchid the Thaumaturge (MuFE)                Turns: 14319, Time: 01:09:04

Health: -3/77      AC:  8    Str: 15    XL:     11   Next: 62%
Magic:  15/25      EV: 15    Int: 17    God:    Gozag
Gold:   1910       SH:  5    Dex: 14    Spells: 10/30 levels left

rFire    x . .     SeeInvis .   j - +0 hunting sling
rCold    + + .     Gourm    .   b - +0 buckler
rNeg     + + +     Faith    .   a - +0 robe
rPois    ∞         Spirit   .   C - +0 helmet
rElec    .         Reflect  .   i - +1 cloak
rCorr    .         Harm     .   s - +1 pair of gloves
MR       +....                  v - +0 pair of boots (curse)
Stlth    ++........             (no amulet)
HPRegen  0.22/turn              D - ring of protection from cold
MPRegen  0.19/turn              K - +4 ring of strength

@: no status effects
A: no food or potions, fire vulnerability, cold resistance 1, negative energy
resistance 3, torment resistance, unbreathing
a: Potion Petition, Call Merchant, Bribe Branch, Renounce Religion


You were in a bailey.
You worshipped Gozag.
Gozag was most pleased with you.
You were not hungry.

You visited 2 branches of the dungeon, and saw 12 of its levels.
You also visited: Ossuary and Bailey.

You collected 2117 gold pieces.
You spent 55 gold pieces at shops.
You paid 152 gold pieces to Gozag.

Inventory:

Hand Weapons
 h - a +4 quarterstaff of chaos
 j - a +0 hunting sling (weapon)
 p - a +2 spear of venom
 y - a +0 short sword of venom
 A - a +2 whip of flaming
Missiles
 d - 25 sling bullets (quivered)
 e - 129 bolts
 m - 15 boomerangs
 u - 132 arrows
 x - a throwing net
 H - 13 curare-tipped darts
Armour
 a - a +0 robe (worn)
 b - a +0 buckler (worn)
 i - a +1 cloak (worn)
 s - a +1 pair of gloves (worn)
 v - a cursed +0 pair of boots (worn)
 C - a +0 helmet (worn)
Magical Staves
 z - an uncursed staff of wizardry
 J - an uncursed staff of conjuration
Jewellery
 o - an uncursed ring of stealth
 w - an uncursed ring of fire
 D - a ring of protection from cold (left hand)
 K - a +4 ring of strength (right hand)
Wands
 G - a wand of random effects (41)
 I - a wand of paralysis (6)
 L - a wand of clouds (4)
Scrolls
 c - 2 scrolls of fear
 f - 7 scrolls of teleportation
 g - 2 scrolls of fog
 k - 6 scrolls of remove curse
 l - 2 scrolls of immolation
 n - a scroll of noise
 q - 2 scrolls of identify
 r - a scroll of silence
 B - 4 scrolls of enchant armour
 E - 2 scrolls of enchant weapon
 F - a scroll of holy word {unknown}
 N - a scroll of amnesia {unknown}
Miscellaneous
 M - a fan of gales
 O - a phantom mirror


   Skills:
 * Level 4.0 Fighting
 * Level 6.2 Dodging
 - Level 1.5 Stealth
 - Level 4.0 Shields
 + Level 10.1 Spellcasting
 * Level 8.6 Conjurations
 - Level 2.0 Hexes
 - Level 2.0 Transmutations
 + Level 6.7 Fire Magic
 * Level 3.1 Evocations


You had 10 spell levels left.
You knew the following spells:

 Your Spells              Type           Power        Failure   Level  Hunger
a - Flame Tongue          Conj/Fire      ####.        1%          1    N/A
b - Throw Flame           Conj/Fire      ####..       1%          2    N/A
c - Conjure Flame         Conj/Fire      ####....     1%          3    N/A
d - Inner Flame           Hex/Fire       ###.....     4%          3    N/A
e - Sticky Flame          Conj/Fire      ####....     3%          4    N/A
f - Fireball              Conj/Fire      ####......   10%         5    N/A
s - Sticks to Snakes      Tmut           ###.....     5%          2    N/A

Your spell library contained the following spells:

 Spells                   Type           Power        Failure   Level  Hunger
 Beastly Appendage        Tmut           Unusable     N/A         1    N/A
 Spider Form              Tmut/Pois      Unusable     N/A         3    N/A
 Ice Form                 Ice/Tmut       Unusable     N/A         4    N/A
 Blade Hands              Tmut           Unusable     N/A         5    N/A

Dungeon Overview and Level Annotations

Branches:
Dungeon (11/15)            Temple (1/1) D:7            Lair (0/6) D:10
    Orc (0/2) D:11

Altars:
Ashenzari
Cheibriados
Dithmenos
Elyvilon
Fedhas
Gozag
Hepliaklqana
Kikubaaqudgha
Makhleb
Nemelex Xobeh
Okawaru
Qazlal
Ru
Sif Muna
Trog
Uskayaw
Vehumet
Wu Jian
Xom
Yredelemnul
Zin
The Shining One

Shops:
D:5 %   D:9 *   D:11 [


Innate Abilities, Weirdness & Mutations

You do not eat or drink.
Your flesh is vulnerable to fire.
You are immune to poison.
Your flesh is cold resistant. (rC+)
You are immune to negative energy. (rN+++)
You are immune to unholy pain and torment.
You can survive without breathing.


Message History

The orc knight shouts!
You swing at nothing.
You swing at nothing.
You swing at nothing.
The orc knight hits you with a +4 war axe!
You swing at nothing.
The orc knight hits you with a +4 war axe!
You swing at nothing.
The orc knight hits you with a +4 war axe!
* * * LOW HITPOINT WARNING * * *
You swing at nothing.
The orc knight hits you with a +4 war axe!
* * * LOW HITPOINT WARNING * * *
You swing at nothing.
The orc knight completely misses you. The orc knight misses you.
You swing at nothing.
You block the orc knight's attack.
You swing at nothing.
The orc knight hits you with a +4 war axe!
You die...
Your body crumbles into a pile of gold.

...### ###.....###
.....###.........##
......#...........#
.....))...........#
⌠.....#.)...⌠.....#
.)....#....)).).).# ♣♣♣ ♣♣
.....)#...........#
♣♣♣♣.♣♣ ♣♣.
.....###...)...))###
♣.....♣♣♣♣.. ...###
###....)#@#.###....♣♣.♣...
.###
###.###.o...###.........
## ###....))...##........
# $$#......)....#.......♣
# $ #.......))..'.)......
o. $$#.....⌠...).)..∩.∩...
#.. $
#..........)')....... ##..
$$#...........#.)...... #
.. ###.........##........


You could see an orc knight.

Vanquished Creatures
  An orc warlord (Bailey)
  Snorg (D:11)
  Sonja (D:10)
  Pikel (D:4)
  An orc knight (Bailey)
  Joseph (D:8)
  Grinder (D:3)
  2 hippogriffs
  2 wraiths (D:10)
  A yak (D:9)
  A basilisk (D:10)
  2 soldier ants (D:8)
  A water moccasin (D:10)
  14 orc warriors
  3 sky beasts
  3 porcupines (D:10)
  A hornet zombie (D:8)
  A slave (D:4)
  5 black bears
  3 ice beasts
  2 necrophages
  4 ogres
  5 centaurs
  3 big kobolds
  A crocodile (D:7)
  8 bullfrogs
  A wyvern skeleton (D:11)
  5 scorpions
  Dowan (D:4)
  10 killer bees (D:10)
  10 howler monkeys
  3 crimson imps
  A bullfrog zombie (D:10)
  7 hounds
  A quasit (D:7)
  A bullfrog skeleton (D:4)
  2 orc priests
  3 jellies
  Crazy Yiuf (D:2)
  6 orc wizards
  Natasha (thrice) (D:2)
  3 iguanas
  10 worker ants
  A big kobold zombie (Ossuary)
  A hound zombie (D:10)
  8 mummies (Ossuary)
  16 gnolls
  A howler monkey skeleton (D:6)
  12 adders
  4 shadow imps
  2 oozes
  5 worms
  A dart slug (D:2)
  4 leopard geckos
  36 orcs
  4 ball pythons
  7 bats
  6 giant cockroaches
  27 goblins
  18 hobgoblins
  17 jackals
  24 kobolds
  6 quokkas
  7 frilled lizards
  2 hobgoblin zombies (Ossuary)
  A jackal zombie (D:7)
  2 kobold zombies (Ossuary)
  A leopard gecko skeleton (D:4)
  3 orc zombies (Ossuary)
  4 rats
  2 rat zombies (D:7)
  A spectral orc (D:9)
360 creatures vanquished.

Vanquished Creatures (others)
  5 yaks (D:9)
  An orc warrior (D:9)
  An ogre (D:9)
  A bullfrog (D:9)
  3 adders
  An adder zombie (D:9)
  An orc (D:9)
  53 fungi (D:10)
  10 plants (D:10)
76 creatures vanquished.

Grand Total: 436 creatures vanquished

Notes
Turn   | Place    | Note
-------+----------+-------------------------------------------
     0 | D:1      | MordorOrchid the Mummy Fire Elementalist began the quest
                  | for the Orb.
     0 | D:1      | Reached XP level 1. HP: 13/13 MP: 4/4
   217 | D:1      | Reached XP level 2. HP: 20/20 MP: 3/5
   221 | D:1      | Learned a level 2 spell: Throw Flame
   261 | D:1      | Reached skill level 1 in Conjurations
   371 | D:1      | Reached skill level 3 in Spellcasting
   795 | D:1      | Reached XP level 3. HP: 25/25 MP: 4/7
   800 | D:1      | Learned a level 3 spell: Conjure Flame
   985 | D:1      | Reached skill level 1 in Fighting
  1515 | D:2      | Reached XP level 4. HP: 32/32 MP: 2/9
  1637 | D:2      | Found a snail-covered altar of Cheibriados.
  2098 | D:2      | Found a runed translucent door.
  2099 | D:2      | Noticed Crazy Yiuf
  2115 | D:2      | Killed Crazy Yiuf
  2115 | D:2      | Reached XP level 5. HP: 38/38 MP: 0/10
  2239 | D:2      | Noticed Natasha
  2245 | D:2      | Killed Natasha
  2369 | D:2      | Found a radiant altar of Vehumet.
  2590 | D:2      | Noticed Natasha
  2606 | D:2      | Killed Natasha
  2606 | D:2      | Reached skill level 4 in Spellcasting
  2749 | D:2      | Noticed Natasha
  2759 | D:2      | Killed Natasha
  2773 | D:2      | Learned a level 3 spell: Inner Flame
  2813 | D:3      | Found an ornate altar of the Wu Jian Council.
  2972 | D:3      | Reached XP level 6. HP: 44/44 MP: 6/12
  2979 | D:3      | Learned a level 4 spell: Sticky Flame
  3457 | D:3      | Found a faded altar of an unknown god.
  4042 | D:3      | Noticed Grinder
  4057 | D:3      | Killed Grinder
  4057 | D:3      | Reached skill level 1 in Hexes
  4057 | D:3      | Reached XP level 7. HP: 47/51 MP: 6/14
  4184 | D:4      | Found a bloodstained altar of Trog.
  4392 | D:4      | You fall into a shaft and drop 2 floors!
  4400 | D:6      | Found a hazy altar of Hepliaklqana.
  4654 | D:6      | Reached skill level 5 in Spellcasting
  4673 | D:6      | HP: 2/51 [crimson imp (2)]
  5068 | D:5      | Entered Level 5 of the Dungeon
  5428 | D:5      | Reached XP level 8. HP: 58/58 MP: 3/16
  5631 | D:5      | Found Ketughoeps's Food Shop.
  5646 | D:4      | Noticed Pikel
  5663 | D:4      | Killed Pikel
  5663 | D:4      | Reached skill level 6 in Spellcasting
  5827 | D:4      | Noticed Dowan
  5905 | D:4      | Reached skill level 5 in Conjurations
  5987 | D:4      | Learned a level 2 spell: Sticks to Snakes
  6036 | D:4      | Found a sparkling altar of Nemelex Xobeh.
  6282 | D:4      | Killed Dowan
  6495 | D:4      | Learned a level 5 spell: Fireball
  6563 | D:5      | Reached skill level 1 in Transmutations
  6618 | D:5      | Reached XP level 9. HP: 55/64 MP: 12/19
  6730 | D:5      | Found a stormy altar of Qazlal.
  7048 | D:6      | Found a shimmering blue altar of Sif Muna.
  7126 | D:6      | Reached skill level 7 in Spellcasting
  7747 | D:7      | Found a sand-covered staircase.
  7775 | Ossuary  | Entered an ossuary
  7843 | Ossuary  | Reached skill level 5 in Fire Magic
  8185 | D:7      | Reached skill level 1 in Shields
  8224 | D:7      | Found a glowing silver altar of Zin.
  8936 | D:7      | Found a staircase to the Ecumenical Temple.
  8945 | Temple   | Entered the Ecumenical Temple
  8995 | Temple   | Became a worshipper of Gozag Ym Sagoz the Greedy
  9084 | D:8      | Noticed Joseph
  9391 | D:8      | Reached skill level 8 in Spellcasting
  9669 | D:8      | Found an iron altar of Okawaru.
  9845 | D:8      | Killed Joseph
  9845 | D:8      | Reached XP level 10. HP: 34/70 MP: 2/22
 10629 | D:9      | Found Fedikoc's General Store.
 10644 | D:9      | Reached skill level 5 in Dodging
 10665 | D:9      | Bought a scroll of teleportation for 33 gold pieces
 10665 | D:9      | Bought a scroll of identify for 22 gold pieces
 10745 | D:9      | Reached skill level 1 in Evocations
 10844 | D:9      | Found a shimmering altar of Xom.
 11119 | D:9      | Found an opulent altar of Gozag.
 11157 | D:9      | Found a basalt altar of Yredelemnul.
 11348 | D:10     | Entered Level 10 of the Dungeon
 11684 | D:10     | Reached skill level 9 in Spellcasting
 12139 | D:10     | Reached XP level 11. HP: 75/75 MP: 4/24
 12266 | D:10     | Noticed Sonja
 12270 | D:10     | Killed Sonja
 12461 | D:10     | Found a staircase to the Lair.
 12918 | D:11     | Noticed Snorg
 12926 | D:11     | Killed Snorg
 13001 | D:11     | Found Lecoab's Armour Boutique.
 13021 | D:11     | Found a flagged portal.
 13030 | Bailey   | Entered a bailey
 13901 | Bailey   | Noticed an orc knight
 13922 | Bailey   | Killed an orc knight
 14010 | Bailey   | Noticed an orc warlord
 14029 | Bailey   | Killed an orc warlord
 14029 | Bailey   | Reached skill level 10 in Spellcasting
 14309 | Bailey   | Noticed an orc knight
 14319 | Bailey   | Slain by an orc knight

Levels and vault maps discovered:
D:1:      lightli_molten_gateway, layout_basic
D:2:      layout_basic, fiery_altar_vehumet, cheibriados_altar_1, first_ration,
          uniq_crazy_yiuf_cottage, uniq_natasha
D:3:      layout_basic, lemuel_crystal_altar,
          chequers_ecumenical_altar_simple_redux, uniq_grinder
D:4:      minmay_thinvault, layout_basic, lemuel_crystal_altar,
          old_standard_altar, uniq_duvessa, uniq_pikel
D:5:      layout_layer_cave, lemuel_doored_altar, serial_shops,
          nicolae_shop_behind_doors, kennysheep_decorative_pillar
D:6:      layout_loops_ring, lemuel_blue_sif_altar,
          nicolae_overflow_crystal_walls, dk_noncrumbling_4
D:7:      layout_basic, overflow_temple_1_default, minmay_temple_entry_poolview,
          enter_ossuary_4
D:8:      layout_basic, marbit_many_paths, hangedman_pestilent_swarm,
          uniq_joseph
D:9:      layout_loops_ring, xom_confusion_cloud,
          yredelemnul_forgotten_temple_becter, serial_shops, nicolae_shop_stone,
          corexii_corridor_pit, nicolae_gozag_cash_rules_everything_around_me
D:10:     layout_basic, due_lair_maze_entry_diamond, st_stairs_3, uniq_sonja
D:11:     layout_small_grid, david_orc_5, serial_shops,
          nicolae_shop_statue_plus, enter_bailey_2, uniq_snorg, uniq_erica
Temple:   eino_wide_crystal_templ
Bailey:   bailey_axe_minmay_hex_keep, bailey

Skill      XL: |  1  2  3  4  5  6  7  8  9 10 11 |
---------------+----------------------------------+-----
Conjurations   | 1 2 3 4 5 6 7 8 |  8.6
Spellcasting   | 3 4 5 6 8 9 10 | 10.1
Fighting       | 1 2 3 4 |  4.0
Dodging        | 2 3 4 5 6 |  6.2
Fire Magic     | 3 4 5 6 |  6.7
Hexes          | 1 2 |  2.0
Transmutations | 1 2 |  2.0
Shields        | 2 3 4 |  4.0
Evocations     | 2 3 |  3.1
Stealth        | |  1.5

Action                   |  1- 3 |  4- 6 |  7- 9 | 10-12 || total
-------------------------+-------+-------+-------+-------++-------
Melee: Short sword       |     5 |       |     6 |       ||    11
       Whip              |     2 |     6 |     1 |       ||     9
       Quarterstaff      |       |    21 |    37 |       ||    58
       Spear             |       |       |    69 |   198 ||   267
       Staff             |       |       |     8 |   108 ||   116
 Fire: Shortbow          |       |       |    32 |       ||    32
       Hunting sling     |       |       |       |    41 ||    41
Throw: Dart              |       |       |       |     5 ||     5
 Cast: Flame Tongue      |    60 |   106 |   170 |   193 ||   529
       Throw Flame       |     3 |    27 |    43 |    43 ||   116
       Conjure Flame     |       |     1 |    24 |    32 ||    57
       Sticky Flame      |       |       |    10 |    23 ||    33
       Fireball          |       |       |    11 |    22 ||    33
       Inner Flame       |       |       |       |     7 ||     7
Evoke: Wand              |       |       |       |     2 ||     2
  Use: Scroll            |       |     5 |     6 |     2 ||    13
 Stab: Sleeping          |       |     1 |       |       ||     1
       Confused          |       |       |       |     2 ||     2
       Distracted        |       |       |       |     1 ||     1
Armor: Robe              |     8 |     7 |    42 |    63 ||   120
Dodge: Dodged            |    17 |    40 |    94 |   163 ||   314
Block: Buckler           |       |       |     1 |    40 ||    41

Table legend:
 A = Non-vault XP
 B = Vault XP
 C = Vault XP percentage of total XP
 D = Non-vault monster count
 E = Vault monster count
 F = Vault count percentage of total count
                 A         B        C        D         E       F
            +---------+---------+-------+---------+---------+-------
      Total |    7983 |    9783 |  55.1 |     239 |     120 |  33.4
            +---------+---------+-------+---------+---------+-------
        D:1 |      58 |       0 |   0.0 |      32 |       0 |   0.0
        D:2 |     211 |      72 |  25.4 |      19 |       2 |   9.5
        D:3 |     200 |     295 |  59.6 |      35 |       1 |   2.8
        D:4 |     319 |     925 |  74.4 |      11 |      12 |  52.2
        D:5 |     689 |       0 |   0.0 |      16 |       0 |   0.0
        D:6 |     549 |       0 |   0.0 |      15 |       0 |   0.0
        D:7 |     774 |       2 |   0.3 |      21 |       2 |   8.7
        D:8 |    1400 |     910 |  39.4 |      23 |       6 |  20.7
        D:9 |    1483 |     120 |   7.5 |      31 |       2 |   6.1
       D:10 |    2228 |    2100 |  48.5 |      35 |      14 |  28.6
       D:11 |      72 |    1152 |  94.1 |       1 |       1 |  50.0
    Ossuary |       0 |     176 | 100.0 |       0 |      16 | 100.0
     Bailey |       0 |    4031 | 100.0 |       0 |      64 | 100.0
            +---------+---------+-------+---------+---------+-------
